[ AOE2 MATCH · #506188559 ]
UnrankedGeorgians vs Bengalis
Player's team · LOSS
Rival team · WIN
[ REPLAY ANALYSIS · EXTRACTED FROM THE RECORDED GAME ]
Feudal
9:15
Castle
27:41
Imperial
—
| APM avg | 46.9 |
| APM peak | 82 |
| eAPM avg | 28.0 |
| Villagers / military | 69 / 72 |
Focus
⚔️ 40.2% · 🌾 59.8%
Archer ×29 · Spearman ×20 · Monk ×19 · Scout Cavalry ×4
Feudal
9:16
Castle
24:43
Imperial
—
| APM avg | 57.5 |
| APM peak | 100 |
| eAPM avg | 29.3 |
| Villagers / military | 123 / 67 |
Focus
⚔️ 51.1% · 🌾 48.9%
Scout Cavalry ×45 · Scorpion ×7 · Spearman ×6 · Battle Elephant ×5 · Monk ×4
Match map
Initial resources + every placement click. Lines = walls · curves = elevation contours. ◆ gold · ⬟ stone · ● berries · ✦ relic · ◌ wall gap
Your base· ✓ Closed at 27:41 · 40t walls · 1 gate(s)
Rhaegar's base· ✓ Closed at 24:43 · 25t walls · 1 gate(s)
Smoothed initial terrain · ◌ = detected wall gap · hover for details
Inputs per minute
— avlid - - Rhaegar
Build order — avlid
First 150 of 260 actions detected
| 0:00 | Create | Villager (Male) |
| 0:01 | Create | Villager (Male) |
| 0:02 | Build | House |
| 0:03 | Build | House |
| 0:50 | Create | Villager (Male) |
| 0:50 | Create | Villager (Male) |
| 1:24 | Create | Villager (Male) |
| 1:24 | Create | Villager (Male) |
| 1:56 | Create | Villager (Male) |
| 2:25 | Create | Villager (Male) |
| 2:55 | Create | Villager (Male) |
| 2:55 | Create | Villager (Male) |
| 3:18 | Create | Villager (Male) |
| 3:30 | Build | House |
| 3:34 | Build | House |
| 3:36 | Create | Villager (Male) |
| 3:52 | Build | Mill |
| 4:03 | Create | Villager (Male) |
| 4:29 | Create | Villager (Male) |
| 4:29 | Create | Villager (Male) |
| 5:17 | Create | Villager (Male) |
| 5:42 | Create | Villager (Male) |
| 6:06 | Create | Villager (Male) |
| 6:21 | Research | Loom |
| 6:47 | Research | Feudal Age |
| 6:47 | Research | Feudal Age |
| 7:05 | Build | Mule Cart |
| 8:05 | Build | House |
| 8:34 | Build | Barracks |
| 8:41 | Create | Villager (Male) |
| 9:15 | Age | Feudal Age |
| 9:30 | Build | Stable |
| 9:35 | Create | Villager (Male) |
| 9:42 | Research | Double-Bit Axe |
| 9:43 | Research | Double-Bit Axe |
| 9:57 | Create | Villager (Male) |
| 10:20 | Build | Watch Tower |
| 10:22 | Create | Scout Cavalry |
| 10:26 | Create | Villager (Male) |
| 10:32 | Build | House |
| 10:34 | Create | Spearman |
| 10:48 | Create | Villager (Male) |
| 10:57 | Build | Mule Cart |
| 11:01 | Research | Town Watch |
| 11:01 | Research | Town Watch |
| 11:05 | Build | House |
| 11:09 | Create | Spearman |
| 11:11 | Create | Scout Cavalry |
| 11:19 | Create | Villager (Male) |
| 11:36 | Build | Palisade Wall |
| 11:38 | Build | Palisade Wall |
| 11:40 | Build | Palisade Wall |
| 11:47 | Build | Palisade Wall |
| 11:50 | Build | Palisade Wall |
| 11:58 | Create | Villager (Male) |
| 12:22 | Create | Villager (Male) |
| 12:29 | Create | Scout Cavalry |
| 12:31 | Create | Villager (Male) |
| 12:57 | Create | Villager (Male) |
| 13:03 | Create | Villager (Male) |
| 13:05 | Build | Archery Range |
| 13:06 | Build | Archery Range |
| 13:14 | Build | Farm |
| 13:15 | Build | Farm |
| 13:15 | Build | Farm |
| 13:31 | Create | Spearman |
| 13:58 | Create | Villager (Male) |
| 14:02 | Create | Archer |
| 14:09 | Build | Farm |
| 14:14 | Build | Farm |
| 14:23 | Create | Archer |
| 14:23 | Create | Archer |
| 14:29 | Create | Villager (Male) |
| 14:31 | Create | Villager (Male) |
| 14:34 | Build | Farm |
| 14:36 | Build | Farm |
| 14:43 | Build | House |
| 15:00 | Create | Archer |
| 15:00 | Create | Archer |
| 15:06 | Create | Spearman |
| 15:10 | Build | House |
| 15:16 | Create | Villager (Male) |
| 15:17 | Create | Villager (Male) |
| 15:30 | Create | Archer |
| 15:30 | Create | Archer |
| 15:45 | Create | Spearman |
| 16:02 | Build | Blacksmith |
| 16:03 | Create | Villager (Male) |
| 16:03 | Create | Villager (Male) |
| 16:16 | Build | Watch Tower |
| 16:31 | Create | Villager (Male) |
| 16:47 | Create | Villager (Male) |
| 16:48 | Create | Archer |
| 16:56 | Create | Villager (Male) |
| 17:11 | Create | Archer |
| 17:12 | Create | Spearman |
| 17:12 | Create | Archer |
| 17:13 | Create | Archer |
| 17:31 | Create | Spearman |
| 17:32 | Create | Villager (Male) |
| 17:32 | Create | Villager (Male) |
| 17:39 | Create | Villager (Male) |
| 17:47 | Research | Fletching |
| 17:49 | Build | Farm |
| 17:49 | Build | Farm |
| 17:49 | Build | Farm |
| 17:53 | Create | Villager (Male) |
| 18:09 | Create | Villager (Male) |
| 18:15 | Create | Archer |
| 18:15 | Create | Archer |
| 18:16 | Create | Spearman |
| 18:18 | Create | Scout Cavalry |
| 18:22 | Build | House |
| 18:23 | Build | House |
| 18:32 | Create | Villager (Male) |
| 18:46 | Build | House |
| 18:51 | Build | Mule Cart |
| 19:37 | Create | Villager (Male) |
| 19:46 | Create | Spearman |
| 19:55 | Create | Villager (Male) |
| 20:02 | Create | Villager (Male) |
| 20:03 | Create | Archer |
| 20:03 | Create | Archer |
| 20:06 | Create | Spearman |
| 20:12 | Create | Archer |
| 20:13 | Create | Archer |
| 20:13 | Create | Archer |
| 20:19 | Build | House |
| 20:20 | Build | House |
| 20:23 | Build | Market |
| 20:24 | Build | Palisade Wall |
| 20:26 | Create | Villager (Male) |
| 20:28 | Build | Mill |
| 20:39 | Build | Mule Cart |
| 20:43 | Build | House |
| 20:44 | Build | Palisade Wall |
| 20:46 | Build | Palisade Wall |
| 20:47 | Build | Palisade Wall |
| 20:51 | Build | Palisade Wall |
| 20:54 | Create | Villager (Male) |
| 21:08 | Create | Villager (Male) |
| 21:08 | Create | Archer |
| 21:09 | Create | Archer |
| 21:35 | Create | Villager (Male) |
| 21:38 | Create | Spearman |
| 21:39 | Create | Archer |
| 21:39 | Create | Archer |
| 21:44 | Create | Villager (Male) |
| 21:46 | Build | Palisade Wall |
| 21:50 | Create | Villager (Male) |
Build order — Rhaegar
First 150 of 319 actions detected
| 0:01 | Create | Villager (Male) |
| 0:01 | Create | Villager (Male) |
| 0:02 | Build | House |
| 0:03 | Build | House |
| 0:04 | Create | Villager (Male) |
| 0:04 | Create | Villager (Male) |
| 1:30 | Create | Villager (Male) |
| 1:57 | Build | Lumber Camp |
| 1:58 | Create | Villager (Male) |
| 2:14 | Create | Villager (Male) |
| 2:14 | Create | Villager (Male) |
| 2:48 | Create | Villager (Male) |
| 3:03 | Create | Villager (Male) |
| 3:32 | Build | House |
| 3:40 | Create | Villager (Male) |
| 3:40 | Create | Villager (Male) |
| 3:48 | Build | House |
| 3:58 | Create | Villager (Male) |
| 4:16 | Build | Mill |
| 4:23 | Create | Villager (Male) |
| 4:24 | Create | Villager (Male) |
| 4:40 | Create | Villager (Male) |
| 4:40 | Create | Villager (Male) |
| 5:24 | Create | Villager (Male) |
| 5:24 | Create | Villager (Male) |
| 5:48 | Create | Villager (Male) |
| 5:56 | Research | Loom |
| 6:12 | Build | House |
| 6:13 | Build | Palisade Wall |
| 6:18 | Build | Palisade Wall |
| 7:04 | Research | Feudal Age |
| 7:04 | Research | Feudal Age |
| 7:25 | Build | House |
| 8:01 | Build | Barracks |
| 8:03 | Build | Palisade Wall |
| 8:27 | Build | Palisade Wall |
| 8:34 | Create | Villager (Male) |
| 8:34 | Create | Villager (Male) |
| 9:16 | Age | Feudal Age |
| 9:17 | Research | Double-Bit Axe |
| 9:36 | Create | Villager (Male) |
| 9:44 | Build | Palisade Wall |
| 9:48 | Build | Stable |
| 9:57 | Create | Villager (Male) |
| 10:01 | Create | Spearman |
| 10:14 | Research | Horse Collar |
| 10:17 | Create | Villager (Male) |
| 10:27 | Build | Palisade Wall |
| 10:37 | Build | Palisade Gate |
| 10:40 | Create | Villager (Male) |
| 10:42 | Create | Scout Cavalry |
| 10:42 | Create | Scout Cavalry |
| 10:55 | Build | Palisade Gate |
| 11:12 | Create | Scout Cavalry |
| 11:15 | Create | Villager (Male) |
| 11:17 | Build | House |
| 11:24 | Build | Mill |
| 11:43 | Create | Villager (Male) |
| 12:07 | Create | Villager (Male) |
| 12:18 | Build | House |
| 12:19 | Build | House |
| 12:22 | Build | House |
| 12:24 | Build | Farm |
| 12:24 | Build | Farm |
| 12:24 | Build | Farm |
| 12:25 | Build | Farm |
| 12:25 | Build | Farm |
| 12:32 | Create | Spearman |
| 13:06 | Build | Palisade Wall |
| 13:08 | Build | Palisade Wall |
| 13:17 | Build | Farm |
| 13:17 | Build | Farm |
| 13:18 | Build | Farm |
| 13:18 | Build | Farm |
| 13:18 | Build | Farm |
| 13:18 | Build | Farm |
| 13:23 | Create | Villager (Male) |
| 13:38 | Create | Spearman |
| 13:38 | Create | Spearman |
| 13:59 | Create | Villager (Male) |
| 14:01 | Build | Mill |
| 14:08 | Build | Mill |
| 14:14 | Create | Scout Cavalry |
| 14:20 | Build | Palisade Wall |
| 14:28 | Create | Villager (Male) |
| 14:32 | Build | Farm |
| 14:33 | Create | Villager (Male) |
| 14:50 | Build | Farm |
| 14:53 | Create | Scout Cavalry |
| 15:05 | Build | House |
| 15:14 | Create | Villager (Male) |
| 15:24 | Create | Scout Cavalry |
| 15:29 | Create | Spearman |
| 15:30 | Create | Spearman |
| 15:33 | Create | Villager (Male) |
| 15:43 | Create | Villager (Male) |
| 15:49 | Build | Blacksmith |
| 15:58 | Build | Watch Tower |
| 16:00 | Create | Villager (Male) |
| 16:06 | Create | Scout Cavalry |
| 16:17 | Create | Villager (Male) |
| 16:32 | Create | Villager (Male) |
| 16:37 | Create | Villager (Male) |
| 17:04 | Create | Villager (Male) |
| 17:05 | Create | Scout Cavalry |
| 17:07 | Build | Farm |
| 17:08 | Build | Farm |
| 17:09 | Build | Farm |
| 17:09 | Build | Farm |
| 17:09 | Build | Farm |
| 17:12 | Research | Scale Barding Armor |
| 17:27 | Create | Scout Cavalry |
| 17:31 | Build | Farm |
| 17:31 | Create | Villager (Male) |
| 17:40 | Create | Villager (Male) |
| 17:58 | Create | Villager (Male) |
| 17:59 | Create | Villager (Male) |
| 17:59 | Create | Villager (Male) |
| 17:59 | Create | Villager (Male) |
| 18:10 | Research | Forging |
| 18:13 | Build | Lumber Camp |
| 18:30 | Create | Scout Cavalry |
| 18:31 | Create | Scout Cavalry |
| 18:31 | Create | Scout Cavalry |
| 18:32 | Create | Villager (Male) |
| 18:41 | Build | House |
| 18:45 | Build | House |
| 18:46 | Build | House |
| 18:53 | Research | Wheelbarrow |
| 19:39 | Create | Villager (Male) |
| 19:42 | Create | Scout Cavalry |
| 19:42 | Create | Scout Cavalry |
| 19:52 | Build | Stable |
| 20:06 | Build | Mining Camp |
| 20:23 | Build | Farm |
| 20:32 | Create | Villager (Male) |
| 20:34 | Create | Scout Cavalry |
| 20:35 | Create | Scout Cavalry |
| 20:41 | Build | Farm |
| 20:43 | Build | Farm |
| 20:51 | Create | Scout Cavalry |
| 20:52 | Create | Scout Cavalry |
| 20:59 | Create | Villager (Male) |
| 20:59 | Create | Villager (Male) |
| 22:03 | Research | Castle Age |
| 22:03 | Research | Castle Age |
| 22:35 | Research | Bloodlines |
| 23:01 | Build | Market |
| 23:11 | Create | Scout Cavalry |
| 23:14 | Build | House |
Match timeline
| 6:13 | Rhaegar · wall_segment Palisade Wall x4 |
| 6:18 | Rhaegar · wall_segment Palisade Wall x4 |
| 8:01 | Rhaegar · first_building Barracks |
| 8:03 | Rhaegar · wall_segment Palisade Wall x2 |
| 8:27 | Rhaegar · wall_segment Palisade Wall x5 |
| 8:34 | avlid · first_building Barracks |
| 9:15 | avlid · age_up feudal |
| 9:16 | Rhaegar · age_up feudal |
| 9:30 | avlid · first_building Stable |
| 9:44 | Rhaegar · wall_segment Palisade Wall x6 |
| 9:48 | Rhaegar · first_building Stable |
| 10:27 | Rhaegar · wall_segment Palisade Wall x1 |
| 11:36 | avlid · wall_segment Palisade Wall x2 |
| 11:38 | avlid · wall_segment Palisade Wall x1 |
| 11:40 | avlid · wall_segment Palisade Wall x1 |
| 11:47 | avlid · wall_segment Palisade Wall x1 |
| 11:50 | avlid · wall_segment Palisade Wall x1 |
| 13:05 | avlid · first_building Archery Range |
| 13:06 | Rhaegar · wall_segment Palisade Wall x1 |
| 13:08 | Rhaegar · wall_segment Palisade Wall x1 |
| 14:20 | Rhaegar · wall_segment Palisade Wall x1 |
| 20:24 | avlid · wall_segment Palisade Wall x1 |
| 20:44 | avlid · wall_segment Palisade Wall x3 |
| 20:46 | avlid · wall_segment Palisade Wall x1 |
| 20:47 | avlid · wall_segment Palisade Wall x5 |
| 20:51 | avlid · wall_segment Palisade Wall x14 |
| 21:46 | avlid · wall_segment Palisade Wall x4 |
| 23:51 | Rhaegar · first_market_buy 100 stone |
| 24:43 | Rhaegar · age_up castle |
| 24:50 | avlid · first_market_sell 500 wood |
| 24:51 | avlid · first_market_buy 100 food |
| 25:30 | avlid · wall_segment Palisade Wall x1 |
| 25:31 | avlid · wall_segment Palisade Wall x1 |
| 25:32 | avlid · wall_segment Palisade Wall x1 |
| 25:48 | avlid · wall_segment Palisade Wall x1 |
| 25:55 | avlid · wall_segment Palisade Wall x1 |
| 26:20 | avlid · wall_segment Palisade Wall x1 |
| 26:22 | avlid · wall_segment Palisade Wall x1 |
| 26:25 | avlid · wall_segment Palisade Wall x1 |
| 27:15 | Rhaegar · first_building Monastery |
| 27:41 | avlid · age_up castle |
| 27:48 | avlid · first_building Monastery |
| 28:52 | Rhaegar · first_building Siege Workshop |
| 31:40 | avlid · wall_segment Palisade Wall x1 |
| 32:25 | Rhaegar · first_building Castle |
| 35:03 | avlid · first_building Castle |
| 35:42 | avlid · resign |
[ AI ANALYSIS · 1 CREDIT ]
What really happened in this match?
Wolo.gg analyzes every decision: build order, eco, micro, common mistakes by bracket. Personalized analysis on WhatsApp or Discord in 30 seconds.
Civ guide
Georgians
Perfil
Jugador #254645